 Dungeon Crawl Stone Soup version 0.28.0 (webtiles) character file.

Game seed: 14881896698189005772

5274 browni3141 the Cleaver (level 10, -1/94 HPs)
             Began as a Minotaur Berserker on Feb 19, 2022.
             Was a Priest of Trog.
             Slain by a four-headed hydra (4 damage)
             ... on level 1 of the Lair of Beasts.
             The game lasted 00:17:52 (4797 turns).

browni3141 the Cleaver (Minotaur Berserker)         Turns: 4797, Time: 00:17:53

Health: -1/94      AC: 14    Str: 27    XL:     10   Next: 36%
Magic:  9/9        EV:  9    Int:  4    God:    Trog [***...]
Gold:   285        SH:  0    Dex:  9    Spells: 9/9 levels left

rFire   . . .      SeeInvis .   a - +0 hand axe
rCold   . . .      Faith    .   (no shield)
rNeg    . . .      Spirit   .   s - +0 chain mail
rPois   .          Reflect  .   (helmet restricted)
rElec   .          Harm     .   g - +0 cloak
rCorr   .          Rampage  .   n - +0 pair of gloves
Will    .....                   i - +0 pair of boots
Stlth   ..........              C - amulet of the acrobat
HPRegen 0.25/turn               (no ring)
MPRegen 0.11/turn               (no ring)

@: slowed, very slow
A: horns 2, retaliatory headbutt
a: Renounce Religion, Berserk, Trog's Hand


You were on level 1 of the Lair of Beasts.
You worshipped Trog.
Trog was most pleased with you.
You visited 2 branches of the dungeon, and saw 11 of its levels.

You collected 285 gold pieces.


Innate Abilities, Weirdness & Mutations

You have a pair of horns on your head.
You reflexively headbutt those who attack you in melee.


   Skills:
 * Level 10.8 Fighting
 * Level 10.8 Axes
 - Level 6.0 Throwing
 + Level 7.6 Armour
 - Level 2.1 Dodging
 - Level 4.0 Evocations


You had 9 spell levels left.
You didn't know any spells.
Your spell library was empty.

Inventory:

Hand Weapons
 a - a +0 hand axe (weapon)
 k - a +0 dagger of venom
Missiles
 p - 4 javelins (quivered)
 u - 3 silver javelins
 E - 5 datura-tipped darts
Armour
 b - a +0 animal skin
 c - a +0 ring mail
 g - a +0 cloak (worn)
 i - a +0 pair of boots (worn)
 n - a +0 pair of gloves (worn)
 s - a +0 chain mail (worn)
Jewellery
 C - an amulet of the acrobat (around neck)
 F - a ring of fire
Wands
 A - a wand of mindburst (3)
 B - a wand of polymorph (3)
Scrolls
 d - 4 scrolls of brand weapon {unknown}
 e - a scroll of vulnerability {unknown}
 h - 2 scrolls of teleportation {unknown}
 m - 2 scrolls of enchant armour {unknown}
 o - 4 scrolls of identify {unknown}
 t - 2 scrolls of immolation {unknown}
 x - 2 scrolls of magic mapping {unknown}
 y - a scroll of summoning {unknown}
 z - a scroll of enchant weapon {unknown}
 D - a scroll of blinking {unknown}
Potions
 f - 2 potions of curing {unknown}
 j - 3 potions of degeneration {unknown}
 q - 2 potions of flight {unknown}
 r - a potion of ambrosia {unknown}
 v - a potion of brilliance {unknown}
 w - 3 potions of heal wounds {unknown}

Dungeon Overview and Level Annotations

Branches:
Dungeon (9/15)             Temple (0/1) D:4            Lair (2/6) D:9
  Swamp: Lair:2-4    Shoals: Lair:2-4     Snake: Lair:2-4    Spider: Lair:2-4
    Orc: D:9-12

Altars:
Gozag
Hepliaklqana
Trog
Wu Jian

Shops:
D:3 (

Annotations:
D:9 1 runed translucent door, bmoney's ghost, journeyman DjCj

#.........###P###
......P.........#
...............#.
.......#.........
......##.....#..
............## .
.......#....##
..#...##....##
P###...#@....#
#..wD#....#
#..†.##...#
##...# ....#
##... ....# #...
.....#
##.........#
#........##
##.......#


You could see a four-headed hydra (corroded) and a torpor snail (corroded).


Message History

* * * LOW HITPOINT WARNING * * *
The four-headed hydra barely misses you.
The four-headed hydra closely misses you.
Aiming: Mindburst
Press: ? - help, Shift-Dir - straight line, f/p - four-headed hydra
Aim: a four-headed hydra (moderately wounded, covered in acid, chance to affect: 47%)
The four-headed hydra's minds are blasted!!
The four-headed hydra bites you.
* * * LOW HITPOINT WARNING * * *
The four-headed hydra bites you.
* * * LOW HITPOINT WARNING * * *
The four-headed hydra bites you but does no damage. x3
The four-headed hydra bites you!
* * * LOW HITPOINT WARNING * * *
The four-headed hydra bites you!
* * * LOW HITPOINT WARNING * * *
The four-headed hydra bites you but does no damage.
Unknown command.
Okay, then.
Unknown command.
Aiming: Mindburst
Press: ? - help, Shift-Dir - straight line, f/p - four-headed hydra
Aim: a four-headed hydra (severely wounded, covered in acid, chance to affect: 47%)
The four-headed hydra's minds are blasted!!
You feel yourself speed up.
Being near the torpor snail leaves you feeling lethargic.
The four-headed hydra closely misses you.
The four-headed hydra bites you but does no damage.
The four-headed hydra bites you.
You die...

Skill      XL: |  1  2  3  4  5  6  7  8  9 10 |
---------------+-------------------------------+-----
Fighting       | 4 5 6 7 8 10 | 10.8
Axes           | 4 5 6 7 8 10 | 10.8
Armour         | 3 4 5 6 7 |  7.6
Evocations     | 1 3 4 |  4.0
Throwing       | 3 5 6 |  6.0
Dodging        | |  2.1

Action                   |  1- 3 |  4- 6 |  7- 9 | 10-12 || total
-------------------------+-------+-------+-------+-------++-------
Melee: Hand axe          |    62 |   140 |   177 |    41 ||   420
       Headbutt          |    10 |    20 |    34 |    10 ||    74
       Punch             |       |     1 |     2 |     1 ||     4
Invok: Berserk           |     3 |     8 |    15 |     1 ||    27
       Trog's Hand       |       |       |       |     1 ||     1
Evoke: Wand              |       |       |     6 |     7 ||    13
Armor: Ring mail         |    18 |    43 |       |       ||    61
       Chain mail        |       |       |   101 |    28 ||   129
Dodge: Dodged            |    43 |    71 |    82 |    30 ||   226

Levels and vault maps discovered:
D:1:      wander_arrival_desolate, layout_rooms
D:2:      layout_basic, basic_ecumenical_altar, uniq_crazy_yiuf_cottage,
          uniq_terence
D:3:      layout_loops_cross, nicolae_overflow_hidden_temple, serial_shops,
          shop, grunt_ministairs_8, chequers_serial_rivers_micro_c
D:4:      layout_basic, minmay_temple_entry_trees, serial_curves,
          eino_curves_04, eino_curves_02, uniq_blork_the_orc
D:5:      layout_loops_cross, amcnicky_altar_gilded, minmay_crystal_water,
          uniq_duvessa
D:6:      layout_cave_pools, minmay_misc_feat_hallway, amcnicky_mini_pool_medium
D:7:      layout_basic, nicolae_wu_jian_wuxing_cycle,
          nicolae_hepliaklqana_hippocampus
D:8:      layout_loops_corners, hangedman_decor_points,
          chequers_serial_rivers_room_b, glass_columns_b, minivault_11
D:9:      layout_basic, mainiacjoe_overflow_six_doors_small, david_lair_generic,
          hellmonk_ghost_happy_afterlife
Lair:1:   gammafunk_lair_enchanted_lake, layout_hall_layers,
          serial_bayou_shore_b
Lair:2:   layout_cellular_growth

Notes
Turn   | Place    | Note
-------+----------+-------------------------------------------
     0 | D:1      | browni3141 the Minotaur Berserker began the quest for the
                  | Orb.
     0 | D:1      | Reached XP level 1. HP: 19/19 MP: 0/0
   135 | D:1      | Reached XP level 2. HP: 26/27 MP: 1/1
   139 | D:1      | Reached skill level 4 in Fighting
   139 | D:1      | Reached skill level 4 in Axes
   297 | D:2      | Reached XP level 3. HP: 34/34 MP: 2/2
   316 | D:2      | Reached skill level 3 in Armour
   325 | D:2      | Found a runed translucent door.
   326 | D:2      | Noticed Crazy Yiuf
   433 | D:2      | Killed Crazy Yiuf
   585 | D:2      | Reached XP level 4. HP: 39/41 MP: 3/3
   650 | D:2      | Noticed Terence
   656 | D:2      | Killed Terence
   675 | D:2      | Reached ** piety under Trog
   756 | D:3      | Reached skill level 5 in Fighting
   756 | D:3      | Reached skill level 5 in Axes
   844 | D:3      | Reached XP level 5. HP: 48/48 MP: 4/4
  1107 | D:3      | Found Gim Bozy's Antique Weapon Boutique.
  1122 | D:3      | Reached skill level 4 in Armour
  1122 | D:3      | Reached XP level 6. HP: 57/57 MP: 5/5
  1272 | D:3      | Reached skill level 6 in Fighting
  1272 | D:3      | Reached skill level 6 in Axes
  1528 | D:3      | Found an opulent altar of Gozag.
  1636 | D:3      | Reached skill level 1 in Evocations
  1795 | D:4      | Noticed Blork the orc
  1806 | D:4      | Killed Blork the orc
  1807 | D:4      | Reached XP level 7. HP: 64/64 MP: 6/6
  1904 | D:4      | Found a staircase to the Ecumenical Temple.
  1955 | D:4      | Reached skill level 2 in Evocations
  1959 | D:5      | Entered Level 5 of the Dungeon
  2116 | D:5      | Reached skill level 7 in Fighting
  2116 | D:5      | Reached skill level 7 in Axes
  2129 | D:5      | Reached skill level 5 in Armour
  2134 | D:5      | Reached skill level 3 in Evocations
  2134 | D:5      | Reached XP level 8. HP: 65/73 MP: 7/7
  2141 | D:5      | Reached *** piety under Trog
  2326 | D:7      | Reached skill level 1 in Throwing
  2625 | D:7      | Reached skill level 8 in Fighting
  2625 | D:7      | Reached skill level 8 in Axes
  2625 | D:7      | Reached skill level 2 in Throwing
  2671 | D:6      | Reached skill level 4 in Evocations
  2751 | D:7      | Found a hazy altar of Hepliaklqana.
  2814 | D:7      | Noticed a hornet
  2815 | D:7      | Found an ornate altar of the Wu Jian Council.
  2819 | D:7      | Killed a hornet
  2986 | D:6      | Reached skill level 3 in Throwing
  2989 | D:6      | Reached skill level 6 in Armour
  2989 | D:6      | Reached XP level 9. HP: 82/82 MP: 8/8
  3176 | D:8      | Reached skill level 9 in Fighting
  3178 | D:8      | Reached skill level 9 in Axes
  3178 | D:8      | Reached skill level 4 in Throwing
  3519 | D:9      | Found a bloodstained altar of Trog.
  4044 | D:9      | Noticed bmoney's ghost (journeyman DjCj)
  4046 | D:9      | Found a runed translucent door.
  4048 | D:9      | Noticed an elephant
  4059 | D:9      | Killed an elephant
  4060 | D:9      | Reached skill level 10 in Fighting
  4060 | D:9      | Reached skill level 5 in Throwing
  4060 | D:9      | Reached skill level 7 in Armour
  4190 | D:9      | Reached skill level 10 in Axes
  4428 | D:9      | Reached XP level 10. HP: 93/93 MP: 9/9
  4605 | D:9      | Found a staircase to the Lair.
  4614 | Lair:1   | Entered Level 1 of the Lair of Beasts
  4686 | Lair:1   | Reached skill level 6 in Throwing
  4712 | Lair:2   | Noticed a torpor snail
  4714 | Lair:2   | Noticed a four-headed hydra
  4796 | Lair:1   | HP: 3/94 [four-headed hydra (7)]
  4797 | Lair:1   | Slain by a four-headed hydra

Vanquished Creatures
  An elephant (D:9)
  A hornet (D:7)
  12 yaks
  A basilisk (D:9)
  2 steam dragons (D:9)
  An acid dragon (D:9)
  4 water moccasins
  An orc warrior (D:7)
  2 necrophages (D:4)
  A black bear (D:9)
  An ice beast (D:5)
  2 ogres (D:5)
  A phantom (D:7)
  Blork the orc (D:4)
  3 bullfrogs
  3 scorpions
  2 bullfrog zombies (D:6)
  3 hounds
  2 bullfrog skeletons
  A centaur skeleton (D:6)
  3 gnoll shamans
  4 orc priests
  Crazy Yiuf (D:2)
  Terence (D:2)
  An iguana (D:5)
  5 orc wizards
  A killer bee zombie (D:7)
  13 gnolls
  6 adders
  A shadow imp (D:8)
  A white imp (D:5)
  An ufetubus (D:6)
  A worm (D:3)
  2 dart slugs
  17 orcs
  9 ball pythons
  An endoplasm (D:1)
  8 hobgoblins
  2 jackals (D:1)
  3 kobolds
  7 quokkas
  8 bats
  3 frilled lizards
  7 goblins
  8 rats
159 creatures vanquished.

Vanquished Creatures (others)
  A white imp (D:6)
  2 fungi
  A plant (D:9)
4 creatures vanquished.

Grand Total: 163 creatures vanquished

Table legend: (Time is in decaauts)
 A = Elapsed time spent in this place.
 B = Non-inter-level travel time spent in this place.
 C = Inter-level travel time spent in this place.
 D = Time resting spent in this place.
 E = Time spent auto-exploring this place.
 F = Levels seen in this place.
 G = Mean time per level.
                   A        B        C        D        E       F      G
               +--------+--------+--------+--------+--------+-----+--------+
         Total |   5038 |   4970 |     68 |   2032 |     13 |  11 |  458.0 |
       Dungeon |   4848 |   4780 |     68 |   1956 |     13 |   9 |  538.7 |
          Lair |    190 |    190 |      0 |     75 |      0 |   2 |   95.0 |
               +--------+--------+--------+--------+--------+-----+--------+

Top non-repeatable levels by time:
     D:9: 1028 daAuts
     D:3: 869 daAuts
     D:7: 757 daAuts
     D:2: 678 daAuts
     D:8: 483 daAuts
     D:1: 304 daAuts
     D:5: 291 daAuts
     D:4: 217 daAuts
     D:6: 216 daAuts
  Lair:1: 184 daAuts
  Lair:2: 5 daAuts

Table legend:
 A = Non-vault XP
 B = Vault XP
 C = Vault XP percentage of total XP
 D = Non-vault monster count
 E = Vault monster count
 F = Vault count percentage of total count
                 A         B        C        D         E       F
            +---------+---------+-------+---------+---------+-------
      Total |    6339 |    1196 |  15.9 |     150 |       9 |   5.7
            +---------+---------+-------+---------+---------+-------
        D:1 |      39 |       0 |   0.0 |      21 |       0 |   0.0
        D:2 |      41 |      73 |  64.0 |      20 |       2 |   9.1
        D:3 |     379 |       9 |   2.3 |      40 |       2 |   4.8
        D:4 |     258 |     100 |  27.9 |       5 |       1 |  16.7
        D:5 |     640 |       0 |   0.0 |      10 |       0 |   0.0
        D:6 |     537 |       0 |   0.0 |      16 |       0 |   0.0
        D:7 |     937 |       0 |   0.0 |      12 |       0 |   0.0
        D:8 |    1321 |       0 |   0.0 |      13 |       0 |   0.0
        D:9 |    1390 |    1014 |  42.2 |       8 |       4 |  33.3
     Lair:1 |     797 |       0 |   0.0 |       5 |       0 |   0.0
            +---------+---------+-------+---------+---------+-------
